 Dungeon Crawl Stone Soup version 0.26.1-11-gd32895ea62 (webtiles) character file.

Game seed: 14354849837478127

40 jifgo the Firebug (level 3, -4/20 HPs)
             Began as a Deep Elf Fire Elementalist on May 10, 2021.
             Killed from afar by a white imp (10 damage)
             ... with a puff of frost
             ... on level 2 of the Dungeon.
             The game lasted 00:03:29 (1764 turns).

jifgo the Firebug (Deep Elf Fire Elementalist)      Turns: 1764, Time: 00:03:30

Health: -4/20      AC:  3    Str:  5    XL:     3   Next: 30%
Magic:  6/9        EV: 13    Int: 20    God:
Gold:   62         SH:  0    Dex: 15    Spells: 4/8 levels left

rFire    . . .     SeeInvis .   q - +1 dagger (drain)
rCold    . . .     Faith    .   (no shield)
rNeg     . . .     Spirit   .   a - +0 robe
rPois    .         Reflect  .   (no helmet)
rElec    .         Harm     .   (no cloak)
rCorr    .         Rampage  .   o - +0 pair of gloves
Will     .....                  (no boots)
Stlth    ++........             (no amulet)
HPRegen  0.06/turn              (no ring)
MPRegen  0.11/turn              (no ring)

@: no status effects
A: no striking features
a: no special abilities


You were on level 2 of the Dungeon.
You visited 1 branch of the dungeon, and saw 2 of its levels.

You collected 62 gold pieces.

Inventory:

Hand Weapons
 g - a +0 dagger
 q - a +1 dagger of draining (weapon)
Missiles
 d - 7 atropa-tipped darts
Armour
 a - a +0 robe (worn)
 o - a +0 pair of gloves (worn)
Jewellery
 e - an uncursed amulet of guardian spirit {unknown}
 f - an uncursed ring of magical power {unknown}
 n - an uncursed ring of see invisible {unknown}
Scrolls
 b - 2 scrolls of remove curse {unknown}
 c - 2 scrolls of identify {unknown}
 i - a scroll of magic mapping {unknown}
 m - a scroll of teleportation {unknown}
 p - a scroll of immolation {unknown}
Potions
 h - 3 potions of curing {unknown}
 j - a potion of heal wounds {unknown}
 k - a potion of brilliance {unknown}
 l - a potion of resistance {unknown}
 r - a potion of lignification {unknown}


   Skills:
 + Level 0.7 Fighting
 + Level 2.8 Dodging
 + Level 3.0 Stealth
 + Level 3.4 Spellcasting
 + Level 1.8 Conjurations
 + Level 3.5 Fire Magic


You had 4 spell levels left.
You knew the following spells:

 Your Spells              Type           Power        Failure   Level
a - Conjure Flame         Conj/Fire      14%          14%         3
x - Foxfire               Conj/Fire      56%          4%          1

Your spell library contained the following spells:

 Spells                   Type           Power        Failure   Level
 Inner Flame              Hex/Fire       10%          21%         3
 Sticky Flame             Conj/Fire      14%          41%         4
 Fireball                 Conj/Fire      7%           77%         5


Dungeon Overview and Level Annotations

Branches:
Dungeon (2/15)

Altars:


Message History

The ooze is severely wounded.
The white imp misses you.
A goblin comes into view. It is wielding a +0 club.
Casting: Foxfire (safe; 4% risk of failure)
Confirm with . or Enter, or press ? or * to list all spells.
You conjure some foxfire!
The white imp misses you.
The foxfire hits the ooze.
The ooze is almost dead.
The foxfire hits the white imp!
The white imp is burned terribly!
The white imp is severely wounded.
The ooze completely misses you. The white imp hits you.
The white imp freezes you.
Casting: Foxfire (safe; 4% risk of failure)
Confirm with . or Enter, or press ? or * to list all spells.
You conjure some foxfire!
The leopard gecko misses you. The ooze hits you.
* * * LOW HITPOINT WARNING * * *
The white imp gestures at you. The puff of frost hits you!
Ouch! That really hurt!
You die...

≈≈..# <...# ##..# ....#
#...# #...# #...# .#.##
##.... .#..# #....#
....# #. #!..g# .#..#
#...#..lJ####... .#..#
.......5@v......
#..###########v########
##.##.##.##.##..#
.....†.........##
.....###.####### .....#
#... .....# ###.#
.(...# .# ###### #


You could see an ooze, a white imp, a leopard gecko and a goblin.

Vanquished Creatures
  An ooze (D:2)
  A worm (D:2)
  A dart slug (D:2)
  A leopard gecko (D:2)
  A giant cockroach (D:1)
  4 hobgoblins
  A ball python (D:2)
  5 bats
  A frilled lizard (D:2)
  3 goblins
  7 kobolds
  6 rats
32 creatures vanquished.

Vanquished Creatures (others)
  91 foxfires
91 creatures vanquished.

Grand Total: 123 creatures vanquished

Notes
Turn   | Place    | Note
-------+----------+-------------------------------------------
     0 | D:1      | jifgo the Deep Elf Fire Elementalist began the quest for
                  | the Orb.
     0 | D:1      | Reached XP level 1. HP: 10/10 MP: 6/6
   501 | D:1      | Reached XP level 2. HP: 12/15 MP: 6/8
  1379 | D:2      | Reached XP level 3. HP: 20/20 MP: 6/9
  1383 | D:2      | Learned a level 3 spell: Conjure Flame
  1764 | D:2      | Killed from afar by a white imp

Illustrated notes

Levels and vault maps discovered:
D:1:      dpeg_arrival_shrine, layout_basic, minmay_3d_cube
D:2:      minmay_recursive_quarters, layout_loops_cross, marbit_many_paths,
          chequers_arboretum, minmay_misc_feat_hallway,
          chequers_serial_rivers_small_a, minmay_indecisive_spiral

Skill      XL: |  1  2  3 |
---------------+----------+-----
Stealth        | 3 |  3.0
Fighting       | |  0.7
Dodging        | |  2.8
Spellcasting   | |  3.4
Conjurations   | |  1.8
Fire Magic     | |  3.5

Action                   || total
-------------------------++-------
Melee: Dagger            ||     1
 Cast: Foxfire           ||    56
 Stab: Sleeping          ||     1
Armor: Robe              ||    12
Dodge: Dodged            ||    33
